 Dungeon Crawl Stone Soup version 0.25.0-37-gb73750e0fb (webtiles) character file.

Game seed: 3175641590545548126

279 Hugehornet the Chopper (level 6, -8/37 HPs)
             Began as a Gargoyle Fighter on July 9, 2020.
             Mangled by an ogre
             ... wielding a +0 giant club
              (13 damage)
             ... on level 4 of the Dungeon.
             The game lasted 00:03:58 (3388 turns).

Hugehornet the Chopper (Gargoyle Fighter)           Turns: 3388, Time: 00:03:58

Health: -8/37      AC: 15    Str: 20    XL:     6   Next: 26%
Magic:  6/6        EV:  5    Int: 10    God:
Gold:   151        SH:  9    Dex:  9    Spells: 5/5 levels left

rFire    . . .     SeeInvis .   a - +0 war axe
rCold    . . .     Gourm    .   c - +0 kite shield
rNeg     + . .     Faith    .   e - +0 chain mail
rPois    ∞         Spirit   .   i - +0 helmet
rElec    +         Reflect  .   q - +0 cloak
rCorr    .         Harm     .   (no gloves)
MR       .....                  (no boots)
Stlth    ..........             (no amulet)
HPRegen  0.12/turn              (no ring)
MPRegen  0.10/turn              (no ring)

@: no status effects
A: negative energy resistance 1, electricity resistance, unbreathing,
petrification resistance, rot immunity, AC +4
a: no special abilities


You were on level 4 of the Dungeon.
You were not hungry.

You visited 1 branch of the dungeon, and saw 4 of its levels.

You collected 151 gold pieces.

Inventory:

Hand Weapons
 a - a +0 war axe (weapon)
Armour
 b - a +0 scale mail
 c - a +0 kite shield (worn)
 e - a +0 chain mail (worn)
 i - a +0 helmet (worn)
 q - a +0 cloak (worn)
Jewellery
 r - an uncursed amulet of the acrobat {unknown}
 t - an uncursed ring of protection from cold {unknown}
 w - an uncursed ring of wizardry {unknown}
 B - an uncursed ring of magical power
Wands
 y - a wand of paralysis (5)
 D - a wand of flame (20)
Scrolls
 h - 4 scrolls of identify {unknown}
 j - 4 scrolls of magic mapping {unknown}
 l - a scroll of fog {unknown}
 m - a scroll of fear {unknown}
 p - a scroll of remove curse
 s - 3 scrolls of noise {unknown}
 x - a scroll of blinking {unknown}
 E - a scroll of enchant armour {unknown}
Potions
 d - 4 potions of might
 g - a potion of cancellation {unknown}
 k - a potion of mutation {unknown}
 n - a potion of lignification {unknown}
 o - 2 potions of curing {unknown}
 u - a potion of brilliance {unknown}
 v - a potion of stabbing {unknown}
 z - 3 potions of resistance {unknown}
 A - 3 potions of degeneration {unknown}
 C - a potion of heal wounds {unknown}
Comestibles
 f - 8 rations


   Skills:
 - Level 3.2 Fighting
 + Level 5.8 Axes
 - Level 3.2 Armour
 - Level 3.2 Shields


You had 5 spell levels left.
You didn't know any spells.
Your spell library was empty.

Dungeon Overview and Level Annotations

Branches:
Dungeon (4/15)
 Temple: D:4-7

Altars:

Annotations:
D:3 2 transporters, simples's ghost, amateur DrCj


Innate Abilities, Weirdness & Mutations

You are resistant to torment.
Your stone body is resilient. (AC +4)
You are immune to poison.
You resist negative energy. (rN+)
You are resistant to electric shocks. (rElec)
You can survive without breathing.
You are immune to petrification.
You are immune to rotting.


Message History

You are too injured to fight recklessly!
You are too injured to fight recklessly!
You are too injured to fight recklessly!
You are too injured to fight recklessly!
You are too injured to fight recklessly!
Your shield prevents you from hitting the ogre.
The ogre is heavily wounded.
The ogre hits you with a +0 giant club.
You slash the ogre!
The ogre is severely wounded.
You block the ogre's attack.
You slash the ogre!
The ogre is almost dead.
The ogre hits you with a +0 giant club!
* * * LOW HITPOINT WARNING * * *
Okay, then.
You hit the ogre but do no damage.
The ogre is almost dead.
The ogre hits you with a +0 giant club!
You die...

#.....# #.....# >.. . #.....#
#.# #.....# #.# #.....# #.#
###.###### #.# #.......# #.#
##..####.# #O#
#......#.####@########## ##
#......................# .#
#........#####.##.##.#.#######
.###...##.#.#
#.##.##.#.#......
>..<........#
#.##....#.#......
.###......###
#.##.#.)#.#.##... .# ###.####
#####........).....#. ## ##.##
#..........)..#.##### #...#
#.###.#########......


You could see an ogre.

Vanquished Creatures
  2 scorpions (D:4)
  10 adders
  2 worms (D:2)
  4 dart slugs
  2 leopard geckos (D:2)
  9 orcs
  2 giant cockroaches
  7 hobgoblins
  6 jackals (D:3)
  6 kobolds
  4 bats
  2 frilled lizards
  7 goblins
  10 rats
73 creatures vanquished.

Notes
Turn   | Place    | Note
-------+----------+-------------------------------------------
     0 | D:1      | Hugehornet the Gargoyle Fighter began the quest for the
                  | Orb.
     0 | D:1      | Reached XP level 1. HP: 14/14 MP: 1/1
   107 | D:1      | Reached skill level 2 in Axes
   371 | D:1      | Reached XP level 2. HP: 19/19 MP: 2/2
   722 | D:1      | Reached skill level 3 in Axes
  1050 | D:2      | Reached XP level 3. HP: 23/23 MP: 3/3
  1816 | D:2      | Reached XP level 4. HP: 23/28 MP: 4/4
  1895 | D:2      | Reached skill level 4 in Axes
  2061 | D:3      | Found a transporter.
  2064 | D:3      | Noticed simples's ghost (amateur DrCj)
  2065 | D:3      | Found a transporter.
  2065 | D:3      | Noticed a phantom
  2301 | D:3      | Reached XP level 5. HP: 25/32 MP: 5/5
  2788 | D:4      | Reached skill level 5 in Axes
  3049 | D:4      | Reached XP level 6. HP: 28/37 MP: 6/6
  3388 | D:4      | Mangled by an ogre

Illustrated notes

Levels and vault maps discovered:
D:1:      dpeg_arrival_tiny_f, layout_loops_corners
D:2:      layout_loops_corners
D:3:      layout_basic, gammafunk_ghost_arena
D:4:      layout_loops_cross

Skill      XL: |  1  2  3  4  5 |
---------------+----------------+-----
Axes           | 2 3 4 5 |  5.8
Fighting       | |  3.2
Armour         | |  3.2
Shields        | |  3.2

Action                   |  1- 3 |  4- 6 || total
-------------------------+-------+-------++-------
Melee: War axe           |   123 |   158 ||   281
  Use: Scroll            |     1 |       ||     1
  Eat: Chunk             |     3 |     5 ||     8
Armor: Chain mail        |    82 |   123 ||   205
Dodge: Dodged            |    19 |    45 ||    64
Block: Kite shield       |    56 |    84 ||   140
